 Dungeon Crawl Stone Soup version 0.17.0-28-g6e173f8 (webtiles) character file.

61124 dohliylev the Imperceptible (level 14, -18/70 HPs)
             Began as a Spriggan Assassin on Nov 25, 2015.
             Was the Champion of Dithmenos.
             Killed from afar by a thorn hunter (26 damage)
             ... with a volley of thorns
             ... on level 1 of the Swamp on Nov 26, 2015.
             The game lasted 04:29:11 (29183 turns).

dohliylev the Imperceptible (Spriggan Assassin)    Turns: 29183, Time: 04:29:11

Health: -18/70     AC:  6    Str:  7    XL:     14   Next: 59%
Magic:  30/33      EV: 32    Int: 16    God:    Dithmenos [******]
Gold:   1565       SH:  0    Dex: 22    Spells: 4 memorised, 33 levels left

rFire  . . .     SeeInvis +     L - +1 dagger (venom)
rCold  + . .     Clarity  .     c - +1 robe
rNeg   . . .     SustAt   .     (shield restricted)
rPois  .         Gourm    .     M - +0 hat of Dyspraxia {Int+3}
rElec  .         Spirit   .     i - +2 cloak
rCorr  .         Warding  .     (gloves unavailable)
rMut   .         Stasis   .     (boots unavailable)
MR     ++...                    G - amulet of faith
Stlth  ++++++++++               w - ring of protection from cold
                                s - +4 ring of slaying

@: regenerating, wreathed by umbra, studying Spellcasting, very quick, very
resistant to hostile enchantments, uncannily stealthy
A: unfitting armour, see invisible, herbivore 3, speed 3, slow metabolism 2
a: Shadow Step, Shadow Form, Renounce Religion


You were on level 1 of the Swamp.
You worshipped Dithmenos.
Dithmenos was exalted by your worship.
You were not hungry.

You visited 4 branches of the dungeon, and saw 21 of its levels.
You also visited: Ossuary and Bailey.

You collected 1565 gold pieces.

Inventory:

Hand Weapons
 C - a +0 dagger of electrocution
 E - the +5 demon whip "Spellbinder" {antimagic, MR+}
   (You found it on level 11 of the Dungeon)

   It disrupts the flow of magical energy around spellcasters and certain
   magical creatures (including the wielder).
   It affects your resistance to hostile enchantments.
 L - a +1 dagger of venom (weapon)
Missiles
 r - 7 needles of sleeping
 x - 26 tomahawks of returning (quivered)
Armour
 c - a +1 robe (worn)
 i - a +2 cloak (worn)
 M - the +0 hat of Dyspraxia (worn) {Int+3}
   (You found it on level 9 of the Dungeon)

   It affects your intelligence (+3).
Jewellery
 q - an uncursed amulet of warding
 s - a +4 ring of slaying (left hand)
 w - a ring of protection from cold (right hand)
 F - an uncursed ring of flight
 G - an amulet of faith (around neck)
 J - an uncursed ring of magical power
 N - an uncursed ring of positive energy
 R - an uncursed amulet of guardian spirit
Wands
 b - a wand of disintegration (7)
 A - a wand of draining (6)
 H - a wand of frost (35)
 U - a wand of lightning (13)
Scrolls
 a - a scroll of silence
 d - 5 scrolls of enchant armour
 f - a scroll of torment
 k - 13 scrolls of remove curse
 l - 9 scrolls of amnesia
 u - a scroll of acquirement
 y - 2 scrolls of recharging
 I - 7 scrolls of teleportation
 K - 4 scrolls of magic mapping
 T - 2 scrolls of summoning
 W - a scroll of fog
 Y - a scroll of brand weapon
 Z - a scroll of blinking
Potions
 e - 2 potions of cancellation {unknown}
 h - 3 potions of agility {unknown}
 m - 3 potions of might
 t - 3 potions of curing
 v - 5 potions of magic {unknown}
 z - a potion of cure mutation {unknown}
 B - 6 potions of mutation {unknown}
 O - 6 potions of lignification {unknown}
 P - 4 potions of haste
 Q - 2 potions of resistance {unknown}
 V - 3 potions of brilliance {unknown}
 X - a potion of heal wounds
Books
 o - a book of Necromancy

   Spells                             Type                      Level
   a - Pain                           Necromancy                   1
   b - Animate Skeleton               Necromancy                   1
   c - Vampiric Draining              Necromancy                   3
   d - Regeneration                   Charms/Necromancy            3
   e - Animate Dead                   Necromancy                   4
   f - Control Undead                 Necromancy                   4
 D - a book of Battle

   Spells                             Type                      Level
   a - Infusion                       Charms                       1
   b - Shroud of Golubria             Charms/Translocation         2
   c - Song of Slaying                Charms                       2
   d - Spectral Weapon                Hexes/Charms                 3
   e - Regeneration                   Charms/Necromancy            3
 S - a manual of Spellcasting
Miscellaneous
 j - a stone of tremors
Comestibles
 g - 5 bread rations
 n - 10 royal jellies
 p - 25 fruits


   Skills:
 - Level 6.2 Fighting
 - Level 5.4 Short Blades
 - Level 12.7 Throwing
 - Level 12.6 Dodging
 - Level 21.4 Stealth
 * Level 14.5 Spellcasting
 + Level 2.9 Conjurations
 + Level 1.6 Hexes
 + Level 5.8 Charms
 + Level 3.4 Necromancy
 + Level 2.0 Air Magic
 + Level 1.8 Poison Magic
 + Level 1.1 Invocations


You had 33 spell levels left.
You knew the following spells:

 Your Spells              Type           Power        Failure   Level  Hunger
a - Magic Dart            Conj           ###.         1%          1    None
b - Regeneration          Chrm/Necr      ####......   2%          3    None
c - Slow                  Hex            ###.....     6%          2    None
d - Mephitic Cloud        Conj/Pois/Air  ###.....     10%         3    None


Dungeon Overview and Level Annotations

Branches:
Dungeon (15/15)            Temple (1/1) D:6            Lair (4/8) D:11
  Swamp (1/4) Lair:4        Snake (0/4) Lair:4          Orc (0/4) D:11
 Vaults (0/5) D:14         Depths (0/5) D:15

Altars:
Ashenzari
Cheibriados
Dithmenos
Elyvilon
Fedhas
Gozag
Kikubaaqudgha
Makhleb
Nemelex Xobeh
Okawaru
Qazlal
Ru
Sif Muna
Trog
Vehumet
Xom
Yredelemnul
Zin
The Shining One

Shops:
D:5 }   D:12 *


Innate Abilities, Weirdness & Mutations

You are tiny and cannot use many weapons and most armour.
You have supernaturally acute eyesight.
You are a herbivore.
You cover ground extremely quickly.
You need consume almost no food.


Message History

You skewer the giant leech like a kebab!!!!!
You kill the giant leech!
Dithmenos accepts your kill.
You enter the shallow water.
Moving in this stuff is going to be slow.
You hit the thorn hunter but do no damage.
The thorn hunter fires a volley of thorns at you.
The volley of thorns hits you!
Ouch! That really hurt!
* * * LOW HITPOINT WARNING * * *
You emit a cloud of dark smoke.
You enter the shallow water.
Moving in this stuff is going to be slow.
Thorny briars emerge from the ground!
Casting: Regeneration
Confirm with . or Enter, or press ? or * to list all spells.
Your skin crawls.
The thorn hunter fires a volley of thorns at you.
The volley of thorns hits you!
You die...

♣♣♣♣ ♣♣♣♣♣♣♣♣♣♣
≈..♣♣
♣≈.♣...≈.♣♣§≈≈≈♣
♣≈≈...≈≈.♣§§§≈≈♣
♣≈.≈≈..♣§§§§.♣
♣.PP≈≈..f♣♣♣♣♣
♣.PP≈≈..♣♣
♣≈PP≈≈≈@♣ .
♣♣PP≈≈≈.♣♣♣♣♣§..
♣.PP≈≈≈≈≈.≈..≈≈≈
♣♣PPPPPPP≈≈§.≈≈≈
♣PPPPPPP..≈≈≈≈≈
♣.≈w......≈♣♣♣..
...≈≈..♣≈.≈.≈ ♣
.≈.≈n.≈♣.§≈≈≈♣
w.≈≈≈....≈≈≈♣♣


You could see a thorn hunter, a giant leech and a bog body (dormant).

Vanquished Creatures
  Frances (D:14)
  Nessos (D:14)
  A great orb of eyes (shapeshifter) (D:15)
  An ogre mage (D:15)
  A hydra (shapeshifter) (D:15)
  A hydra (D:14)
  A centaur warrior (D:15)
  Erica (D:8)
  2 dancing weapons (D:14)
  2 tengu warriors (D:15)
  Urug (Lair:2)
  9 skeletal warriors
  A deep troll (D:15)
  2 unseen horrors (D:10)
  4 hill giants
  Pikel (D:7)
  A deep elf conjurer (D:14)
  6 cyclopes
  An orc knight (Bailey)
  The ghost of ConnectionFaild the Distorting Demonspawn, a novice DsAK of Lugonu (Bailey)
  7 ugly things
  An oklob plant (Lair:1)
  16 elephants (Lair:2)
  Joseph (D:7)
  A gargoyle (D:14)
  4 spiny frogs
  The ghost of dohliylev the Covert, a novice SpAs (D:7)
  4 black mambas
  3 kobold demonologists (D:15)
  A deep elf priest (D:14)
  4 trolls
  A tengu conjurer (D:15)
  2 two-headed ogres
  A giant leech (Swamp:1)
  Grinder (D:6)
  11 slime creatures
  4 blink frogs (Lair:3)
  Sigmund (D:3)
  19 yaks
  5 deep elf magi
  3 shadows
  5 hippogriffs
  A hungry ghost (D:15)
  6 vampire mosquitoes (D:14)
  3 deep elf fighters
  2 nagas (Lair:4)
  A wraith (D:15)
  2 soldier ants (D:12)
  Menkaure (D:5)
  6 swamp worms (Lair:4)
  A mottled dragon (D:14)
  8 wolves
  3 porcupines
  8 water moccasins
  2 wasps (D:11)
  A black bear (D:7)
  6 ice beasts
  A swamp drake (D:9)
  4 sky beasts
  15 orc warriors
  2 phantoms
  23 centaurs
  7 crocodiles
  2 ogres
  A big kobold (D:15)
  15 giant frogs
  2 brain worms
  A wyvern skeleton (D:11)
  9 wights
  7 scorpions
  2 killer bees (D:14)
  2 bog bodies (Ossuary)
  An electric eel (Lair:4)
  An iron imp (D:9)
  2 centaur zombies
  15 crimson imps
  2 jellies
  3 quasits
  4 giant frog skeletons
  4 giant frog zombies
  16 orc priests
  5 centaur skeletons
  17 orc wizards
  Natasha (thrice) (D:3)
  3 hounds
  5 iguanas
  7 worker ants
  2 killer bee zombies
  15 sheep
  3 hound skeletons
  5 mummies
  9 adders
  23 gnolls
  32 river rats
  A white imp (D:9)
  5 shadow imps
  An adder skeleton (D:6)
  2 adder zombies
  A worm (D:3)
  6 giant geckos
  79 orcs
  6 giant cockroaches
  6 goblins
  20 hobgoblins
  4 quokkas
  A ball python (D:3)
  13 bats
  6 giant newts
  2 hobgoblin zombies (D:8)
  6 jackals
  A jackal skeleton (D:4)
  19 kobolds
  2 kobold zombies (D:8)
  2 quokka zombies (D:5)
  21 rats
  A butterfly (Lair:4)
  A plant (Lair:1)
662 creatures vanquished.

Vanquished Creatures (others)
  A centaur zombie (D:7)
  2 orc priests (D:5)
  An ooze (D:7)
  An orc (D:5)
  2 bushes (D:14)
  3 fungi
  6 plants
16 creatures vanquished.

Grand Total: 678 creatures vanquished

Notes
Turn   | Place    | Note
--------------------------------------------------------------
     0 | D:1      | dohliylev the Spriggan Assassin began the quest for the Orb.
     0 | D:1      | Reached XP level 1. HP: 10/10 MP: 2/2
    59 | D:1      | Reached skill level 6 in Stealth
   306 | D:1      | Reached XP level 2. HP: 12/14 MP: 3/3
   727 | D:2      | Reached skill level 7 in Stealth
   884 | D:2      | Reached XP level 3. HP: 12/18 MP: 4/4
  1587 | D:3      | Reached XP level 4. HP: 22/22 MP: 5/5
  1591 | D:3      | Noticed Natasha
  1594 | D:3      | Killed Natasha
  1755 | D:3      | Reached skill level 8 in Stealth
  1768 | D:3      | Noticed Sigmund
  1790 | D:3      | Killed Sigmund
  1790 | D:3      | Reached skill level 9 in Stealth
  1790 | D:3      | Reached XP level 5. HP: 25/25 MP: 6/6
  1853 | D:3      | Reached XP level 6. HP: 25/30 MP: 7/7
  2102 | D:3      | Noticed Natasha
  2114 | D:3      | Killed Natasha
  2133 | D:3      | Noticed Natasha
  2137 | D:3      | Killed Natasha
  2271 | D:3      | Found a burning altar of Makhleb.
  2500 | D:4      | Reached skill level 10 in Stealth
  2815 | D:4      | Reached XP level 7. HP: 13/34 MP: 8/8
  2957 | D:4      | Found a bloodstained altar of Trog.
  3090 | D:5      | Entered Level 5 of the Dungeon
  3091 | D:5      | Found Biwug's Gadget Emporium.
  3112 | D:5      | Noticed Menkaure
  3188 | D:5      | Reached skill level 11 in Stealth
  3569 | D:5      | Killed Menkaure
  3703 | D:5      | Found a glowing silver altar of Zin.
  3703 | D:5      | Noticed an angel
  3705 | D:5      | Found a shimmering altar of Xom.
  4122 | D:5      | Reached skill level 5 in Throwing
  4122 | D:5      | Reached skill level 12 in Stealth
  4122 | D:5      | Reached XP level 8. HP: 26/39 MP: 9/9
  4562 | D:6      | Noticed Grinder
  4582 | D:6      | Paralysed by Grinder for 2 turns
  4820 | D:6      | Reached skill level 5 in Dodging
  5385 | D:6      | Reached skill level 13 in Stealth
  5407 | D:6      | Found an iron altar of Okawaru.
  5651 | D:6      | Killed Grinder
  5740 | D:6      | Reached XP level 9. HP: 31/43 MP: 10/10
  5813 | D:6      | Found a staircase to the Ecumenical Temple.
  5822 | Temple   | Entered the Ecumenical Temple
  5862 | Temple   | Became a worshipper of Dithmenos the Shadowed
  6911 | D:7      | Reached skill level 14 in Stealth
  6933 | D:7      | Noticed Joseph
  6937 | D:7      | Killed Joseph
  6983 | D:7      | Noticed dohliylev's ghost (novice SpAs)
  7080 | D:7      | Killed dohliylev's ghost
  7599 | D:7      | Noticed Pikel
  7671 | D:7      | Killed Pikel
  7671 | D:7      | Reached skill level 15 in Stealth
  7845 | D:7      | Reached * piety under Dithmenos
  7904 | D:7      | Found a shattered altar of Ashenzari.
  8266 | D:7      | Reached XP level 10. HP: 48/48 MP: 11/11
  8830 | D:8      | Noticed Erica
  9112 | D:8      | Found a sand-covered staircase.
  9119 | Ossuary  | Entered an ossuary
  9376 | Ossuary  | Reached ** piety under Dithmenos
 10873 | D:9      | Found a flagged portal.
 10890 | Bailey   | Entered a bailey
 10946 | Bailey   | Noticed ConnectionFaild's ghost (novice DsAK)
 11346 | Bailey   | Noticed an orc knight
 11500 | Bailey   | Killed ConnectionFaild's ghost
 11747 | Bailey   | Killed an orc knight
 11984 | D:9      | Found a snail-covered altar of Cheibriados.
 11984 | D:9      | Found a deep blue altar of Sif Muna.
 11985 | D:9      | Found a basalt altar of Yredelemnul.
 12221 | D:9      | Reached skill level 16 in Stealth
 12559 | D:9      | Reached *** piety under Dithmenos
 13358 | D:9      | Got a polished hat
 13420 | D:9      | Identified the cursed +0 hat of Dyspraxia {Int+3} (You found it on level 9 of the Dungeon)
 13499 | D:9      | Learned a level 1 spell: Magic Dart
 13675 | D:9      | Reached skill level 10 in Dodging
 14265 | D:9      | Reached skill level 1 in Spellcasting
 14279 | D:10     | Entered Level 10 of the Dungeon
 14388 | D:10     | Noticed an unseen horror
 14401 | D:10     | Killed an unseen horror
 14401 | D:10     | Reached XP level 11. HP: 44/52 MP: 12/14
 14672 | D:10     | Noticed a hill giant
 14672 | D:10     | Noticed an unseen horror
 14678 | D:10     | Killed a hill giant
 14678 | D:10     | Reached **** piety under Dithmenos
 14681 | D:10     | Killed an unseen horror
 14681 | D:10     | Reached skill level 17 in Stealth
 14681 | D:10     | Reached skill level 1 in Conjurations
 15149 | D:11     | Reached skill level 10 in Throwing
 15297 | D:11     | Found a staircase to the Lair.
 15712 | D:11     | Found a staircase to the Orcish Mines.
 15842 | D:11     | Noticed a hill giant
 16242 | D:11     | Noticed a hill giant
 16454 | D:12     | Noticed a skeletal warrior
 16461 | D:12     | Noticed a skeletal warrior
 16462 | D:12     | Noticed a skeletal warrior
 16462 | D:12     | Noticed a skeletal warrior
 16463 | D:12     | Noticed a skeletal warrior
 16464 | D:12     | Killed a skeletal warrior
 16476 | D:12     | Reached skill level 18 in Stealth
 16588 | D:11     | Reached ***** piety under Dithmenos
 17410 | D:11     | Killed a hill giant
 17564 | D:11     | Killed a hill giant
 17704 | D:11     | Reached XP level 12. HP: 58/58 MP: 15/15
 18304 | D:12     | Found Eseiss's General Store.
 18367 | D:12     | Reached skill level 19 in Stealth
 18423 | D:12     | You fall through a shaft!
 18785 | D:13     | Identified a scroll of acquirement
 19068 | D:12     | Killed a skeletal warrior
 19068 | D:12     | Reached skill level 5 in Short Blades
 19373 | D:12     | Killed a skeletal warrior
 19437 | D:12     | Killed a skeletal warrior
 19517 | D:12     | Killed a skeletal warrior
 19622 | D:12     | Reached skill level 5 in Fighting
 20336 | D:14     | Noticed a five-headed hydra
 20339 | D:14     | Killed a five-headed hydra
 20370 | D:14     | Reached skill level 20 in Stealth
 20651 | D:14     | Reached ****** piety under Dithmenos
 20717 | D:14     | Learned a level 3 spell: Regeneration
 20733 | D:14     | Found a gate to the Vaults.
 20910 | D:14     | Reached XP level 13. HP: 18/64 MP: 11/16
 20954 | D:14     | Noticed Nessos
 20959 | D:14     | Killed Nessos
 20990 | D:14     | Learned a level 2 spell: Slow
 21056 | D:14     | Noticed Frances
 21063 | D:14     | Killed Frances
 21898 | D:14     | Learned a level 3 spell: Mephitic Cloud
 21966 | D:15     | Entered Level 15 of the Dungeon
 21975 | D:15     | Reached skill level 21 in Stealth
 22309 | D:15     | Reached skill level 1 in Charms
 22359 | D:15     | Reached skill level 1 in Hexes
 22553 | D:15     | Reached skill level 1 in Necromancy
 22614 | D:15     | Reached skill level 5 in Spellcasting
 23020 | D:15     | Noticed an acid blob
 23025 | D:15     | Noticed an iron dragon
 23025 | D:15     | an acid blob changed into an iron dragon
 23118 | D:15     | Noticed a stone giant
 23130 | D:15     | Noticed a fire giant
 23130 | D:15     | a stone giant changed into a fire giant
 23131 | D:15     | Noticed an azure jelly
 23131 | D:15     | a fire giant changed into an azure jelly
 23135 | D:15     | Noticed a quicksilver dragon
 23135 | D:15     | an azure jelly changed into a quicksilver dragon
 23140 | D:15     | Noticed a shadow dragon
 23140 | D:15     | a quicksilver dragon changed into a shadow dragon
 23143 | D:15     | Noticed a stone giant
 23143 | D:15     | a shadow dragon changed into a stone giant
 23146 | D:15     | Noticed a shadow dragon
 23146 | D:15     | a stone giant changed into a shadow dragon
 23147 | D:15     | Noticed a stone giant
 23147 | D:15     | a shadow dragon changed into a stone giant
 23149 | D:15     | Noticed a sphinx
 23149 | D:15     | a stone giant changed into a sphinx
 23150 | D:15     | Noticed a fire giant
 23150 | D:15     | a sphinx changed into a fire giant
 23151 | D:15     | Noticed a quicksilver dragon
 23151 | D:15     | a fire giant changed into a quicksilver dragon
 23154 | D:15     | Noticed an azure jelly
 23154 | D:15     | a quicksilver dragon changed into an azure jelly
 23160 | D:15     | Noticed a stone giant
 23160 | D:15     | an azure jelly changed into a stone giant
 23164 | D:15     | Noticed a sphinx
 23164 | D:15     | a stone giant changed into a sphinx
 23167 | D:15     | Noticed a frost giant
 23167 | D:15     | a sphinx changed into a frost giant
 23170 | D:15     | a frost giant changed into an alligator snapping turtle
 23180 | D:15     | Noticed a dire elephant
 23180 | D:15     | an alligator snapping turtle changed into a dire elephant
 23184 | D:15     | Noticed a fire giant
 23184 | D:15     | a dire elephant changed into a fire giant
 23186 | D:15     | Noticed a dire elephant
 23186 | D:15     | a fire giant changed into a dire elephant
 23187 | D:15     | a dire elephant changed into a death yak
 23707 | D:15     | Found a staircase to the Depths.
 24484 | D:8      | Killed Erica
 24484 | D:8      | Reached skill level 10 in Spellcasting
 25218 | Lair:1   | Entered Level 1 of the Lair of Beasts
 25271 | Lair:1   | Reached XP level 14. HP: 70/70 MP: 29/29
 25627 | Lair:1   | Reached skill level 5 in Charms
 26805 | Lair:2   | Reached skill level 1 in Air Magic
 26942 | Lair:2   | Reached skill level 1 in Poison Magic
 26948 | Lair:2   | Noticed Urug
 26965 | Lair:2   | Killed Urug
 26965 | Lair:2   | Reached skill level 1 in Invocations
 28477 | Lair:4   | Found a staircase to the Snake Pit.
 29070 | Lair:4   | Found a staircase to the Swamp.
 29167 | Swamp:1  | Entered Level 1 of the Swamp
 29170 | Swamp:1  | Noticed a thorn hunter
 29183 | Swamp:1  | Killed from afar by a thorn hunter

Action                   |  1- 3 |  4- 6 |  7- 9 | 10-12 | 13-15 || total
-------------------------+-------+-------+-------+-------+-------++-------
Melee: Dagger            |    68 |    75 |   492 |   845 |   834 ||  2314
 Fire: Blowgun           |    40 |    51 |   133 |     7 |       ||   231
Throw: Tomahawk          |       |       |    16 |   651 |   205 ||   872
 Cast: Magic Dart        |       |       |       |    22 |    87 ||   109
       Regeneration      |       |       |       |       |    22 ||    22
       Slow              |       |       |       |       |     8 ||     8
       Mephitic Cloud    |       |       |       |       |    36 ||    36
Invok: Shadow Step       |       |       |       |     2 |     4 ||     6
  Use: Scroll            |       |     4 |       |    16 |     8 ||    28
       Potion            |       |       |       |     8 |     1 ||     9
 Stab: Sleeping          |     9 |    12 |    26 |    89 |    91 ||   227
       Distracted        |       |     1 |     6 |    15 |    18 ||    40
       Confused          |       |       |       |       |     3 ||     3
  Eat: Royal jelly       |       |       |     1 |       |       ||     1
       Bread ration      |       |       |     1 |     1 |     2 ||     4
       Pizza             |       |       |       |     2 |     1 ||     3
       Fruit             |       |       |       |     1 |       ||     1
